 Dungeon Crawl Stone Soup version 0.16.1-5-gaa23807 (webtiles) character file.

35 sugabear the Skirmisher (level 3, -2/24 HPs)
             Began as a Gargoyle Fighter on Mar 28, 2015.
             Slain by a gnoll (3 damage)
             ... on level 2 of the Dungeon.
             The game lasted 00:01:22 (590 turns).

sugabear the Skirmisher (Gargoyle Fighter)           Turns: 590, Time: 00:01:23

Health: -2/24      AC: 10    Str: 20    XL:     3   Next: 35%
Magic:  3/3        EV:  7    Int:  8    God:
Gold:   22         SH:  9    Dex:  9    Spells: 0 memorised, 2 levels left

rFire  . . .     SeeInvis .     a - +0 war axe
rCold  . . .     Clarity  .     b - +0 scale mail
rNeg   + . .     SustAb   .     c - +0 shield
rPois  ∞         Gourm    .     (no helmet)
rElec  +         Spirit   .     (no cloak)
rCorr  .         Warding  .     (no gloves)
rMut   .         Stasis   .     (no boots)
MR     .....                    (no amulet)
Stlth  ..........               (no ring)
                                (no ring)

@: not resistant to hostile enchantments, extremely unstealthy
A: negative energy resistance 1, electricity resistance, unbreathing,
petrification resistance, rot immunity, AC +3
a: no special abilities


You were on level 2 of the Dungeon.
You were not hungry.

You visited 1 branch of the dungeon, and saw 2 of its levels.

You collected 22 gold pieces.

Inventory:

Hand weapons
 a - a +0 war axe (weapon)
Armour
 b - a +0 scale mail (worn)
 c - a +0 shield (worn)
Jewellery
 i - an uncursed ring of protection from magic {unknown}
Scrolls
 j - 2 scrolls of remove curse {unknown}
 l - 3 scrolls of identify {unknown}
Potions
 e - 2 potions of might
 f - a potion of ambrosia {unknown}
 g - a potion of curing {unknown}
 h - a potion of cure mutation {unknown}
 k - 2 potions of brilliance {unknown}
Comestibles
 d - 2 bread rations


   Skills:
 + Level 4.0 Fighting
 + Level 1.9 Axes
 + Level 3.4 Armour
 + Level 1.0 Dodging
 + Level 3.5 Shields


You had 2 spell levels left.
You didn't know any spells.

Dungeon Overview and Level Annotations

Branches:
Dungeon (2/15)

Altars:


Innate Abilities, Weirdness & Mutations

You are resistant to torment.
You are immune to poison.
Your stone body is very resilient (AC +3).
You resist negative energy.
You are resistant to electric shocks.
You can survive without breathing.
You are immune to petrification.
You are immune to rotting.


Message History

The gnoll is almost dead.
The gnoll hits you with a club!
* * * LOW HITPOINT WARNING * * *
Your shield prevents you from hitting the gnoll.
The gnoll is severely wounded.
You block the gnoll's attack.
You closely miss the gnoll.
The gnoll is severely wounded.
The gnoll closely misses you. The gnoll hits you but does no damage.
A hobgoblin comes into view. It is wielding a club.
You hit the gnoll.
The gnoll is almost dead.
The gnoll hits you but does no damage.
You hit the gnoll!
You kill the gnoll!
Your Dodging skill increases to level 1!
You hit the gnoll.
The gnoll is moderately wounded.
The gnoll hits you.
You die...

#.............
#./....#######
#.###### #.# #†#
#.# #. #.####
#...######....#
#...gg@..####.#
#..#####.####.####
#.........#
#####.###.# #.#
#.# #.###.#
#.....# #######


You could see a gnoll and a hobgoblin.

Vanquished Creatures
  2 gnolls (D:2)
  A giant cockroach (D:1)
  A goblin (D:2)
  3 hobgoblins (D:1)
  A kobold (D:2)
  5 bats
  3 giant newts (D:1)
  4 rats (D:1)
20 creatures vanquished.

Vanquished Creatures (others)
  2 ghouls (D:1)
  A gargoyle (D:1)
  A vine stalker (D:1)
  A troll (D:1)
  A formicid (D:1)
  A vampire (D:1)
  A naga (D:1)
  A dwarf (D:1)
  An ogre (D:1)
  A mummy (D:1)
  An orc (D:1)
  7 tentacles (D:1)
  23 tentacle segments (D:1)
42 creatures vanquished.

Grand Total: 62 creatures vanquished

Notes
Turn   | Place    | Note
--------------------------------------------------------------
     0 | D:1      | sugabear, the Gargoyle Fighter, began the quest for the Orb.
     0 | D:1      | Reached XP level 1. HP: 14/14 MP: 1/1
     0 | D:1      | Noticed a vampire
     0 | D:1      | Noticed a ghoul
     0 | D:1      | Noticed a vine stalker
     0 | D:1      | Noticed a gargoyle
     0 | D:1      | Noticed a formicid
     0 | D:1      | Noticed a kraken
     0 | D:1      | Noticed a naga
     0 | D:1      | Noticed a troll
     0 | D:1      | Noticed a dwarf
     0 | D:1      | Noticed an ogre
     0 | D:1      | Noticed a ghoul
     5 | D:1      | Killed a troll
     6 | D:1      | Killed a vampire
     8 | D:1      | Killed a gargoyle
     8 | D:1      | Killed an ogre
    11 | D:1      | Killed a naga
    11 | D:1      | Killed a dwarf
    13 | D:1      | Killed a ghoul
    14 | D:1      | Killed a vine stalker
    16 | D:1      | Killed a ghoul
    19 | D:1      | Killed a formicid
   208 | D:1      | Reached XP level 2. HP: 13/19 MP: 2/2
   584 | D:2      | Reached skill level 4 in Fighting
   584 | D:2      | Reached XP level 3. HP: 8/24 MP: 3/3
   585 | D:2      | HP: 1/24 [gnoll/club (7)]
   589 | D:2      | Reached skill level 1 in Dodging
   590 | D:2      | Slain by a gnoll

Action                   || total
-------------------------++-------
Melee: War axe           ||    76
